 Dungeon Crawl Stone Soup version 0.30-a0-830-gfe289a77b0 (webtiles) character file.

Game seed: 14699958611216126691

97 cforsyth the Sneak (level 5, -23/32 HPs)
             Began as a Kobold Brigand on Feb 28, 2023.
             Annihilated by an ogre
             ... wielding a +0 giant spiked club
              (28 damage)
             ... on level 4 of the Dungeon.
             The game lasted 00:02:35 (2838 turns).

cforsyth the Sneak (Kobold Brigand)                 Turns: 2838, Time: 00:02:37

Health: -23/32     AC:  3    Str:  8    XL:     5   Next: 0%
Magic:  5/5        EV: 15    Int: 12    God:
Gold:   137        SH:  0    Dex: 19    Spells: 4/4 levels left

rFire   . . .      SeeInvis .    i - +2 dagger (speed)
rCold   . . .      Faith    .    (no shield)
rNeg    . . .      Spirit   .    b - +0 robe
rPois   .          Reflect  .    (no helmet)
rElec   .          Harm     .    c - +0 cloak
rCorr   .          Rampage  .    (no gloves)
Will    .....                    (no boots)
Stlth   ++++                     (no amulet)
HPRegen 0.25/turn                (no ring)
MPRegen 0.09/turn                (no ring)

@: no status effects
A: small, no large weapons, nightstalker 3
a: no special abilities


You were on level 4 of the Dungeon.
You visited 1 branch of the dungeon, and saw 4 of its levels.

You collected 228 gold pieces.
You spent 91 gold pieces at shops.

Inventory:

Hand Weapons
 a - a +2 dagger
 i - a +2 dagger of speed (weapon)
Missiles
 d - 11 poisoned darts (quivered)
 e - 3 curare-tipped darts
Armour
 b - a +0 robe (worn)
 c - a +0 cloak (worn)
Jewellery
 n - an amulet of guardian spirit
 r - a +4 ring of slaying
 u - an amulet of the acrobat
Scrolls
 g - a scroll of blinking
 j - a scroll of fog {unknown}
 m - a scroll of noise {unknown}
 p - a scroll of silence {unknown}
 q - 2 scrolls of teleportation {unknown}
 s - a scroll of enchant armour {unknown}
 t - a scroll of vulnerability {unknown}
Potions
 f - a potion of lignification {unknown}
 h - 3 potions of magic {unknown}
 k - a potion of degeneration {unknown}
 l - 3 potions of curing {unknown}
 o - a potion of might {unknown}
 v - a potion of mutation {unknown}


   Skills:
 + Level 3.1 Fighting
 + Level 3.9 Short Blades
 - Level 2.1 Throwing
 + Level 2.6 Dodging
 + Level 6.2 Stealth


You had 4 spell levels left.
You didn't know any spells.
Your spell library was empty.

Dungeon Overview and Level Annotations

Branches:
Dungeon (4/15)
 Temple: D:4-7

Altars:
Ashenzari
Trog

Shops:
D:1 *


Innate Abilities, Weirdness & Mutations

You are small and have problems with some larger weapons.
You are completely attuned to the shadows.


Message History

You are too injured to fight recklessly!
You are too injured to fight recklessly!
You are too injured to fight recklessly!
You are too injured to fight recklessly!
You are too injured to fight recklessly!
You are too injured to fight recklessly!
You are too injured to fight recklessly!
You are too injured to fight recklessly!
You are too injured to fight recklessly!
You hit the ogre.
The ogre is heavily wounded.
You hit the ogre.
The ogre is severely wounded.
You hit the ogre.
The ogre is severely wounded.
The ogre barely misses you.
You hit the ogre.
The ogre is severely wounded.
You hit the ogre.
The ogre is almost dead.
You hit the ogre but do no damage.
The ogre is almost dead.
The ogre hits you with a +0 giant spiked club!
* * * LOW HITPOINT WARNING * * *
You barely miss the ogre.
The ogre is almost dead.
You barely miss the ogre.
The ogre is almost dead.
You barely miss the ogre.
The ogre is almost dead.
The ogre misses you.
You barely miss the ogre.
The ogre is almost dead.
You hit the ogre.
The ogre is almost dead.
You completely miss the ogre.
The ogre is almost dead.
The ogre hits you with a +0 giant spiked club!!
Ouch! That really hurt!
You die...

######## #......#
#......# #.....#......#
#?....#......# #....
#.....#......# #....
####.....#......# #....
.......@O#......# #....
.....#####......####.†..
.....'...'......+.......
.....#####......###.....
.>......................
#.........#######.......
##+######.#.$...#.#.#...
#.#.$...#.#.####
#.#.._$.#....


You could see an ogre.

Vanquished Creatures
  3 adders
  A worm (D:3)
  An orc (D:3)
  4 ball pythons
  5 endoplasms
  5 giant cockroaches
  5 goblins
  2 hobgoblins
  4 jackals (D:2)
  10 kobolds
  4 quokkas
  5 bats
  5 frilled lizards
  8 rats
62 creatures vanquished.

Notes
Turn   | Place    | Note
-------+----------+-------------------------------------------
     0 | D:1      | cforsyth the Kobold Brigand began the quest for the Orb.
     0 | D:1      | Reached XP level 1. HP: 12/12 MP: 1/1
   136 | D:1      | Reached XP level 2. HP: 18/18 MP: 2/2
   147 | D:1      | You fall into a shaft and drop 1 floor!
   471 | D:2      | Reached XP level 3. HP: 20/22 MP: 3/3
   699 | D:1      | Found Girgh's Assorted Antiques.
   710 | D:1      | Bought a dark potion for 22 gold pieces
   710 | D:1      | Bought a dark potion for 22 gold pieces
   710 | D:1      | Bought a scroll labelled PELAPL TE WYEX for 25 gold pieces
   710 | D:1      | Bought a dark potion for 22 gold pieces
  1703 | D:3      | Identified the +1 robe of Fetefic {Contam Stlth+ Archmagi}
  1792 | D:3      | Reached XP level 4. HP: 27/27 MP: 4/4
  2135 | D:3      | Found a broken altar of Ashenzari.
  2145 | D:3      | Reached skill level 6 in Stealth
  2223 | D:3      | Found a glowing drain.
  2784 | D:4      | Found a bloodstained altar of Trog.
  2788 | D:4      | Reached XP level 5. HP: 32/32 MP: 5/5
  2817 | D:4      | Noticed an ogre
  2838 | D:4      | Annihilated by an ogre

Illustrated notes

Levels and vault maps discovered:
D:1:      psy_arrival_statuary, layout_loops_ring, serial_shops, shop
D:2:      layout_loops_ring, dk_noncrumbling_2
D:3:      layout_basic, nicolae_ashenzari_skybound, gup_sewer_entry_glass
D:4:      minmay_door_path, layout_basic, grunt_temple_overflow_open,
          amcnicky_altar_gilded, minmay_temple_entry_poolview

Skill      XL: |  1  2  3  4 |
---------------+-------------+-----
Short Blades   | 3 |  3.9
Dodging        | 2 |  2.6
Fighting       | 3 |  3.1
Stealth        | 6 |  6.2
Throwing       | |  2.1

Action                     |  1- 3 |  4- 6 || total
---------------------------+-------+-------++-------
  Melee: Dagger            |    98 |    58 ||   156
    Use: Scroll            |       |     1 ||     1
   Stab: Sleeping          |    21 |    10 ||    31
 Armour: Robe              |    18 |     2 ||    20
  Dodge: Dodged            |    37 |    20 ||    57

Table legend: (Time is in decaauts)
 A = Elapsed time spent in this place.
 B = Non-inter-level travel time spent in this place.
 C = Inter-level travel time spent in this place.
 D = Time resting spent in this place.
 E = Time spent auto-exploring this place.
 F = Levels seen in this place.
 G = Mean time per level.
                   A        B        C        D        E       F      G
               +--------+--------+--------+--------+--------+-----+--------+
         Total |   2772 |   2630 |    142 |      0 |   2296 |   4 |  693.0 |
       Dungeon |   2772 |   2630 |    142 |      0 |   2296 |   4 |  693.0 |
               +--------+--------+--------+--------+--------+-----+--------+

Top non-repeatable levels by time:
     D:3: 1174 daAuts
     D:2: 738 daAuts
     D:1: 732 daAuts
     D:4: 127 daAuts
